 Dungeon Crawl Stone Soup version 0.27.0-1-g7a089689b8 (webtiles) character file.

Game seed: 14185738446232086589

146 ZARRMARR the Digger (level 5, -4/38 HPs)
             Began as a Draconian Earth Elementalist on Aug 3, 2021.
             Slain by a water moccasin (7 damage)
             ... on level 3 of the Dungeon.
             The game lasted 00:13:29 (3766 turns).

ZARRMARR the Digger (Draconian Earth Elementalist)  Turns: 3766, Time: 00:13:29

Health: -4/38      AC:  5    Str: 11    XL:     5   Next: 7%
Magic:  8/9        EV: 12    Int: 16    God:
Gold:   113        SH:  0    Dex: 11    Spells: 9/10 levels left

rFire    . . .     SeeInvis .   a - +1 short sword
rCold    . . .     Faith    .   (no shield)
rNeg     . . .     Spirit   .   (armour unavailable)
rPois    .         Reflect  .   (helmet restricted)
rElec    .         Harm     .   (no cloak)
rCorr    .         Rampage  .   (no gloves)
Will     .....                  (no boots)
Stlth    ++........             (no amulet)
HPRegen  0.12/turn              (no ring)
MPRegen  0.11/turn              (no ring)

@: very slightly contaminated, invisible
A: AC +5, unfitting armour, cold-blooded
a: no special abilities


You were on level 3 of the Dungeon.
You visited 1 branch of the dungeon, and saw 4 of its levels.

You collected 113 gold pieces.

Inventory:

Hand Weapons
 a - a +1 short sword (weapon)
Missiles
 b - 76 stones
 h - 17 poisoned darts (quivered)
Wands
 l - a wand of flame (24)
Scrolls
 i - a scroll of teleportation
 k - 2 scrolls of enchant armour
Potions
 e - a potion of berserk rage {unknown}
 f - a potion of haste {unknown}
 g - a potion of degeneration {unknown}
 j - 2 potions of brilliance


   Skills:
 + Level 0.2 Fighting
 + Level 1.1 Short Blades
 + Level 1.5 Throwing
 + Level 2.3 Dodging
 + Level 2.1 Stealth
 + Level 3.1 Spellcasting
 + Level 1.0 Transmutations
 + Level 3.8 Earth Magic


You had 9 spell levels left.
You knew the following spells:

 Your Spells              Type           Power      Damage    Failure   Level
a - Sandblast             Erth           28%        2d8       4%          1

Your spell library contained the following spells:

 Spells                   Type           Power      Damage    Failure   Level
 Passwall                 Tmut/Erth      8%         N/A       11%         2
 Magic Dart               Conj           8%         1d3       19%         1
 Stone Arrow              Conj/Erth      16%        3d8       26%         3
 Searing Ray              Conj           4%         3d3       28%         2
 Slow                     Hex            2%         N/A       28%         2
 Confusing Touch          Hex            2%         N/A       50%         3
 Petrify                  Tmut/Erth      10%        N/A       56%         4
 Fulminant Prism          Conj/Hex       1%         3d6       88%         4
 Yara's Violent Unravell  Hex/Tmut       2%         3d3       99%         5


Dungeon Overview and Level Annotations

Branches:
Dungeon (4/15)
 Temple: D:4-7

Altars:
Yredelemnul


Innate Abilities, Weirdness & Mutations

Your plain brown scales are hard. (AC +5)
You cannot fit into any form of body armour.
You are cold-blooded and may be slowed by cold attacks.


Message History

Your tail-slap misses the water moccasin.
The water moccasin is moderately wounded.
You feel sick.
The water moccasin bites you but does no damage.
The water moccasin bites you.
Casting: Sandblast (safe; 4% risk of failure)
Confirm with . or Enter, or press ? or * to list all spells.
Aiming: Sandblast (safe; 4% risk of failure)
Press: ? - help, Shift-Dir - straight line, f - water moccasin
Aim: a water moccasin (moderately wounded, 66% to hit)
You miscast Sandblast.
You are very lightly contaminated with residual magic.
Nothing appears to happen.
You feel sick.
The water moccasin bites you but does no damage.
Casting: Sandblast (safe; 4% risk of failure)
Confirm with . or Enter, or press ? or * to list all spells.
Aiming: Sandblast (safe; 4% risk of failure)
Press: ? - help, Shift-Dir - straight line, f/p - water moccasin
Aim: a water moccasin (moderately wounded, 66% to hit)
The blast of sand hits the water moccasin.
The water moccasin is heavily wounded.
b - 76 stones You feel sick.
The water moccasin closely misses you. The water moccasin bites you.
* * * LOW HITPOINT WARNING * * *
It was a potion of invisibility.
You fade into invisibility!
You feel sick. The water moccasin barely misses you.
Unknown command.
You feel sick.
You feel sick.
The water moccasin bites you but does no damage.
There is a stone staircase leading up here.
You feel sick.
You are no longer poisoned.
The water moccasin barely misses you.
You climb upwards.
There is a stone staircase leading down here.
The water moccasin bites you!
You die...

########.###############.........
########.# #...........
.......#.#### ##.PP..#)####
.......#.#..# #..._..#.#
.......<....# #..P.P.#.#
.........##.##### #......#.#
###.#..#.##.....# #.##.###.# #
#.............#####....# #.#
###.............@...)....###.#
#....>........S#####....#...#
#...............>.......#..##
#.......................#..#
#.........##.......#.......#
##.........##..##........##.#
#.............##.........#..#
...........#........######.##
.............############..#


You could see a water moccasin.

Vanquished Creatures
  Terence (D:2)
  5 adders
  3 worms (D:3)
  3 dart slugs
  2 orcs (D:3)
  5 endoplasms
  2 giant cockroaches
  2 goblins (D:3)
  3 hobgoblins
  7 jackals
  4 kobolds
  2 quokkas
  3 ball pythons (D:2)
  7 bats
  3 frilled lizards
  13 rats
65 creatures vanquished.

Notes
Turn   | Place    | Note
-------+----------+-------------------------------------------
     0 | D:1      | ZARRMARR the Draconian Earth Elementalist began the quest
                  | for the Orb.
     0 | D:1      | Reached XP level 1. HP: 14/14 MP: 3/3
   247 | D:1      | Reached XP level 2. HP: 20/20 MP: 3/5
   718 | D:1      | Found a faded altar of an unknown god.
  1549 | D:2      | Noticed Terence
  1561 | D:2      | Killed Terence
  1562 | D:2      | Reached skill level 1 in Throwing
  1562 | D:2      | Reached XP level 3. HP: 16/26 MP: 7/7
  1945 | D:2      | Reached skill level 1 in Short Blades
  2205 | D:2      | Reached XP level 4. HP: 33/33 MP: 6/8
  2917 | D:3      | Found a basalt altar of Yredelemnul.
  3317 | D:3      | Reached XP level 5. HP: 37/38 MP: 7/9
  3748 | D:4      | Noticed a water moccasin
  3766 | D:3      | Slain by a water moccasin

Illustrated notes

Levels and vault maps discovered:
D:1:      minmay_arrival_four_circles, layout_basic,
          chequers_ecumenical_altar_lobes, minmay_misc_feat_pillars,
          minmay_heptomino_l4
D:2:      layout_loops_cross, grunt_decor_cap, kennysheep_nub, uniq_terence
D:3:      minmay_chambers_of_twos, layout_rooms, yredelemnul_altar_generic
D:4:      layout_loops_ring, jmf_multi_god_temple,
          minmay_temple_entry_glassed_door, serial_shops, shop

Skill      XL: |  1  2  3  4 |
---------------+-------------+-----
Throwing       | 1 |  1.5
Dodging        | 2 |  2.3
Short Blades   | 1 |  1.1
Stealth        | 2 |  2.1
Spellcasting   | 3 |  3.1
Fighting       | |  0.2
Transmutations | |  1.0
Earth Magic    | |  3.8

Action                   |  1- 3 |  4- 6 || total
-------------------------+-------+-------++-------
Melee: Short sword       |    43 |    72 ||   115
       Tailslap          |     7 |     6 ||    13
Throw: Stone             |    19 |       ||    19
       Dart              |    21 |    54 ||    75
 Cast: Sandblast         |    24 |    34 ||    58
  Use: Scroll            |     4 |     3 ||     7
       Potion            |       |     1 ||     1
 Stab: Sleeping          |     2 |     1 ||     3
Armor: Skin              |    11 |    23 ||    34
Dodge: Dodged            |    23 |    54 ||    77
